 Dungeon Crawl Stone Soup version 0.19.5 (webtiles) character file.

25 tidbits the Sneak (level 2, -1/20 HPs)
             Began as a High Elf Assassin on Dec 12, 2017.
             Slain by a bullfrog (7 damage)
             ... on level 3 of the Dungeon.
             The game lasted 00:04:07 (372 turns).

tidbits the Sneak (High Elf Assassin)                Turns: 372, Time: 00:04:08

Health: -1/20      AC:  3    Str: 10    XL:     2   Next: 86%
Magic:  3/3        EV: 13    Int: 14    God:
Gold:   73         SH:  0    Dex: 16    Spells: 0 memorised, 1 level left

rFire  . . .     SeeInvis .     a - +2 dagger
rCold  . . .     Gourm    .     g - +0 robe
rNeg   . . .     Faith    .     (no shield)
rPois  .         Spirit   .     (no helmet)
rElec  .         Reflect  .     d - +0 cloak
rCorr  .         Harm     .     (no gloves)
MR     .....                    (no boots)
Stlth  +++.......               (no amulet)
                                (no ring)
                                (no ring)

@: no status effects
A: no striking features
a: no special abilities


You were on level 3 of the Dungeon.
You were not hungry.

You visited 1 branch of the dungeon, and saw 3 of its levels.

You collected 73 gold pieces.

Inventory:

Hand Weapons
 a - a +2 dagger (weapon)
 b - a +0 blowgun
 i - a +0 hunting sling
   (You found it on level 1 of the Dungeon)
Missiles
 e - 7 poisoned needles
 f - 2 curare-tipped needles
 m - 5 javelins (quivered)
 q - 22 stones
 s - 14 sling bullets
Armour
 d - a +0 cloak (worn)
 g - a +0 robe (worn)
 l - a +0 ring mail
   (You found it on level 2 of the Dungeon)
Scrolls
 h - a scroll of identify {unknown}
 j - a scroll of enchant weapon {unknown}
 k - a scroll of recharging {unknown}
 n - a scroll of random uselessness {unknown}
 o - a scroll of fear {unknown}
 p - a scroll of remove curse {unknown}
 r - a scroll of amnesia {unknown}
Comestibles
 c - a bread ration


   Skills:
 + Level 2.6 Fighting
 - Level 2.4 Short Blades
 - Level 2.0 Throwing
 + Level 2.5 Dodging
 - Level 4.3 Stealth


You had one spell level left.
You didn't know any spells.

Dungeon Overview and Level Annotations

Branches:
Dungeon (3/15)

Altars:


Message History

The helpless worm fails to defend itself.
You impale the worm!!
You kill the worm!
You have reached level 2!
There is a stone staircase leading down here.
You climb downwards.
There is a stone staircase leading up here.
You climb upwards.
There is a stone staircase leading down here.
You see here a worm corpse.
An adder comes into view.
The helpless adder fails to defend itself.
You impale the adder!!
You kill the adder!
Your Dodging skill increases to level 2!
Found 8 gold pieces.
You now have 69 gold pieces (gained 4).
Found an escape hatch in the floor.
You now have 73 gold pieces (gained 4).
A kobold comes into view. It is wielding a dagger.
The kobold shouts!
The kobold throws a stone.
The stone hits you.
There is an escape hatch in the floor here.
You see here a stone.
Throwing (i - inventory. (,) - cycle):
m - 6 javelins (quivered)
Press: ? - help, Shift-Dir - straight line, f - kobold
Aim: a kobold, wielding a dagger You throw a javelin.
The javelin hits the kobold.
You kill the kobold!
A goblin comes into view.
Things that are here:
a javelin; a dagger; 4 stones
m - 6 javelins (gained 1);
q - 22 stones (gained 4) Autopickup is now off.
You open the door.
There is an open door here.
There is an open door here.
The goblin shouts!
You hit the goblin.
The goblin is severely wounded.
The goblin barely misses you.
You closely miss the goblin.
The goblin is severely wounded.
The goblin hits you.
You hit the goblin.
You kill the goblin!
You see here a goblin corpse.
A hobgoblin comes into view. It is wielding a club.
Throwing (i - inventory. (,) - cycle):
m - 6 javelins (quivered)
Press: ? - help, Shift-Dir - straight line, f - hobgoblin
Aim: a hobgoblin, wielding a club (hasn't noticed you)
You throw a javelin. The hobgoblin shouts!
The javelin hits the hobgoblin!
You kill the hobgoblin!
Things that are here:
a javelin; a club
Things that are here:
a javelin; a club
m - 6 javelins (gained 1)
You see here a goblin corpse.
You see here a dagger.
There is an escape hatch in the floor here.
You see here a stone.
You slide downwards.
The hatch slams shut behind you.
A bullfrog and 2 goblins come into view.
The helpless goblin fails to defend itself.
You impale the goblin!!
You kill the goblin!
A quokka comes into view.
The bullfrog gives a loud, deep croak!
Found a scroll labeled TEASSI XOJO.
The bullfrog misses you. The bullfrog closely misses you.
b - a +0 blowgun (weapon)
Firing (i - inventory. (,) - cycle):
e - 8 poisoned needles (quivered)
Press: ? - help, Shift-Dir - straight line, f - bullfrog
Aim: a bullfrog You shoot a poisoned needle.
The poisoned needle hits the bullfrog.
The bullfrog is poisoned.
The bullfrog barely misses you. The bullfrog closely misses you.
a - a +2 dagger (weapon)
You closely miss the bullfrog. The bullfrog hits you. x2
Throwing (i - inventory. (,) - cycle):
m - 6 javelins (quivered)
Press: ? - help, Shift-Dir - straight line, f - quokka, p - bullfrog
Aim: a quokka You throw a javelin.
The javelin hits the bullfrog!
The bullfrog is moderately wounded.
The bullfrog hits you.
* * * LOW HITPOINT WARNING * * *
A kobold opens the door.
The bullfrog hits you.
* * * LOW HITPOINT WARNING * * *
It was a potion of magic.
Magic courses through your body. The bullfrog misses you.
The kobold shouts!
Okay, then.
You hit the kobold.
You kill the kobold!
You hear a shout!
The bullfrog closely misses you. The bullfrog hits you!
You die...

.# #####.###
##.........#
..........+
.....r...#
........#
#)#.....##
#@#.......
#######F#.......
.......r........
.######.##...###
#.# .?# #)# .#
#.# # #.# #.#


You could see a bullfrog and a quokka.

Vanquished Creatures
  An adder (D:2)
  A worm (D:2)
  4 goblins
  3 hobgoblins
  A frilled lizard (D:2)
  3 kobolds
  A rat (D:2)
14 creatures vanquished.

Notes
Turn   | Place    | Note
-------+----------+-------------------------------------------
     0 | D:1      | tidbits the High Elf Assassin began the quest for the Orb.
     0 | D:1      | Reached XP level 1. HP: 14/14 MP: 2/2
   256 | D:2      | Reached XP level 2. HP: 20/20 MP: 3/3
   288 | D:2      | Reached skill level 2 in Dodging
   360 | D:3      | Noticed a bullfrog
   372 | D:3      | Slain by a bullfrog

Skill      XL: |  1  2 |
---------------+-------+-----
Dodging        | 2 |  2.5
Fighting       | |  2.6
Short Blades   | |  2.4
Throwing       | |  2.0
Stealth        | |  4.3

Action                   || total
-------------------------++-------
Melee: Dagger            ||    18
 Fire: Blowgun           ||     1
Throw: Javelin           ||     8
  Use: Potion            ||     1
 Stab: Sleeping          ||     4
Dodge: Dodged            ||    10

Table legend:
 A = Turns spent in this place as a percentage of turns spent in the entire game.
 B = Non-inter-level travel turns spent in this place as a percentage of non-inter-level travel turns spent in the entire game.
 C = Inter-level travel turns spent in this place as a percentage of turns spent in this place.
 D = Turns resting spent in this place as a percentage of non-inter-level travel turns spent in this place.
 E = Turns spent auto-exploring this place as a percentage of non-inter-level travel turns spent in this place.
 F = Non-inter-level travel turns spent in this place divided by the number of levels of this place that you've seen.
                   A       B       C       D       E      F
               +-------+-------+-------+-------+-------+----------------------
         Total | 100.0 | 100.0 |   0.0 |   0.0 |   0.0 | 101.0
       Dungeon | 100.0 | 100.0 |   0.0 |   0.0 |   0.0 | 101.0
               +-------+-------+-------+-------+-------+----------------------

Table legend:
 A = Kills in this place as a percentage of kills in entire the game.
 B = Kills by you in this place as a percentage of kills by you in the entire game.
 C = Kills by friends in this place as a percentage of kills by friends in the entire game.
 D = Other kills in this place as a percentage of other kills in the entire game.
 E = Experience gained in this place as a percentage of experience gained in the entire game.
 F = Experience gained in this place divided by the number of levels of this place that you have seen.
                   A       B       C       D       E      F
               +-------+-------+-------+-------+-------+----------------------
         Total | 100.0 | 100.0 |  -nan |  -nan | 100.0 |  12.3
       Dungeon | 100.0 | 100.0 |  -nan |  -nan | 100.0 |  12.3
               +-------+-------+-------+-------+-------+----------------------

Vault maps used:
D:1:      lightli_arrival_lavapool
D:3:      lemuel_round_altar, first_bread, nemelex_spade_bored_becter
